 Dungeon Crawl Stone Soup version 0.22.0-75-g3901e79 (console) character file.

193 erker the Changer (level 5, 0/33 HPs)
             Began as an Octopode Transmuter on Sept 14, 2018.
             Was an Initiate of Cheibriados.
             Killed from afar by an orc wizard (7 damage)
             ... with a magic dart
             ... on level 3 of the Dungeon.
             The game lasted 00:06:53 (1840 turns).

erker the Changer (Octopode Transmuter)             Turns: 1840, Time: 00:06:53

Health: 0/33       AC:  2    Str: 10    XL:     5   Next: 72%
Magic:  4/9        EV: 25    Int: 17    God:    Cheibriados [......]
Gold:   99         SH:  0    Dex: 19    Spells: 3/9 levels left

rFire    . . .     SeeInvis .     - Unarmed
rCold    . . .     Gourm    .   (shield currently unavailable)
rNeg     . . .     Faith    .   (helmet currently unavailable)
rPois    x         Spirit   .   (no amulet)
rElec    .         Reflect  .   h - +5 ring of evasion (curse)
rCorr    .         Harm     .   (no ring)
MR       .....                  (no ring)
Stlth    +.........             (no ring)
HPRegen  0.11/turn              (no ring)
MPRegen  0.11/turn              (no ring)
                                (no ring)
                                (no ring)

@: confused, spider-form (expiring), very slightly contaminated, very slow
A: tiny, almost no armour, stealthy swim, (amphibious), 8 rings, (constrict 8)
a: End Transformation, Bend Time, Renounce Religion


You were on level 3 of the Dungeon.
You worshipped Cheibriados.
Cheibriados was noncommittal.
You were hungry.
You were a venomous arachnid creature.
You visited 1 branch of the dungeon, and saw 3 of its levels.

You collected 99 gold pieces.

Inventory:

Missiles
 a - 110 arrows
 i - 27 sling bullets
 m - 19 poisoned needles
 o - 24 bolts
Jewellery
 h - a cursed +5 ring of evasion (left front leg)
Wands
 q - a wand of disintegration (12)
Scrolls
 e - 6 scrolls of identify {unknown}
 f - a scroll of blinking {unknown}
 g - 2 scrolls of fog {unknown}
 k - a scroll of magic mapping {unknown}
 l - a scroll of immolation {unknown}
 n - a scroll of remove curse {unknown}
 p - a scroll of teleportation {unknown}
Potions
 b - a potion of heal wounds {unknown}
 d - a potion of curing {unknown}
Comestibles
 c - 5 rations
 j - 9 chunks of flesh


   Skills:
 + Level 1.2 Fighting
 * Level 2.2 Dodging
 + Level 1.0 Stealth
 + Level 3.2 Unarmed Combat
 + Level 2.8 Spellcasting
 * Level 4.3 Transmutations
 - Level 2.1 Poison Magic


You had 3 spell levels left.
You knew the following spells:

 Your Spells              Type           Power        Failure   Level  Hunger
a - Beastly Appendage     Tmut           ###...       11%         1    #......
s - Spider Form           Tmut/Pois      ##........   32%         3    ###....
t - Sticks to Snakes      Tmut           ###.....     14%         2    ##.....

Your spell library contained the following spells:

 Spells                   Type           Power        Failure   Level  Hunger
 Ice Form                 Ice/Tmut       #.......     78%         4    #####..
 Blade Hands              Tmut           ###.......   82%         5    ######.


Dungeon Overview and Level Annotations

Branches:
Dungeon (3/15)

Altars:
Cheibriados
Hepliaklqana
Sif Muna
Xom


Innate Abilities, Weirdness & Mutations

You cannot wear most types of armour.
You are very stealthy in the water. (Stealth+)
((You are amphibious.))
You can wear up to eight rings at the same time.
((You can use your tentacles to constrict eight enemies at once.))
((Your skin changes colour to match your surroundings (Stealth+).))
((Your rubbery body absorbs attacks. (AC +1, EV +1)))


Message History

You bump into the rock wall.
Something misses you.
You miss something. Something barely misses you.
You barely miss something.
Your transformation is almost over.
Something hits you.
You hit something.
You feel less confused.
You hear some strange, mumbled words.
You are confused.
You bump into the rock wall.
You hear some strange, mumbled words.
A magic dart appears from out of thin air!
The magic dart hits you!
You hit something but do no damage. Something hits you.
* * * LOW HITPOINT WARNING * * *
You bump into the rock wall.
You hear some strange, mumbled words.
A magic dart appears from out of thin air!
The magic dart hits you!
You die...

.##.......##
_...<....... .#
.##.......#...#
.##.......#.#.#
..........#.#.#
######.####... #.#
#..# #.# #..#######
#.# #(....s{.#
######.####..#####.#
......#......# ..
####.###)##..# ##
#..#.###..# ###.#.##
#..# #...### #..#
##...### #..#
.......# #..#


There were no monsters in sight!

Vanquished Creatures
  An orc wizard (D:3)
  2 adders (D:2)
  An ooze (D:3)
  A worm (D:2)
  2 leopard geckos (D:1)
  3 orcs (D:3)
  A ball python (D:2)
  7 bats
  4 giant cockroaches
  4 hobgoblins
  6 jackals (D:3)
  6 kobolds
  3 quokkas (D:2)
  4 frilled lizards
  3 goblins
  5 rats
53 creatures vanquished.

Vanquished Creatures (collateral kills)
  A black bear (D:2)
  An adder (D:2)
2 creatures vanquished.

Grand Total: 55 creatures vanquished

Notes
Turn   | Place    | Note
-------+----------+-------------------------------------------
     0 | D:1      | erker the Octopode Transmuter began the quest for the Orb.
     0 | D:1      | Reached XP level 1. HP: 13/13 MP: 3/3
   117 | D:1      | Reached XP level 2. HP: 16/18 MP: 1/5
   121 | D:1      | Learned a level 2 spell: Sticks to Snakes
   968 | D:2      | Noticed a black bear
   984 | D:2      | Reached XP level 3. HP: 17/23 MP: 1/6
   984 | D:2      | Reached skill level 3 in Transmutations
   989 | D:2      | Learned a level 3 spell: Spider Form
  1040 | D:2      | Killed a black bear
  1040 | D:2      | Reached XP level 4. HP: 8/28 MP: 0/7
  1242 | D:2      | Found a shimmering altar of Xom.
  1244 | D:2      | Found a stormy altar of Qazlal.
  1244 | D:2      | Found a hide-covered altar of Uskayaw.
  1246 | D:2      | Found a hazy altar of Hepliaklqana.
  1246 | D:2      | Found an opulent altar of Gozag.
  1246 | D:2      | Found an ornate altar of the Wu Jian Council.
  1362 | D:2      | Reached skill level 4 in Transmutations
  1365 | D:2      | Reached XP level 5. HP: 32/33 MP: 4/9
  1622 | D:2      | Found a deep blue altar of Sif Muna.
  1656 | D:3      | Found a hazy altar of Hepliaklqana.
  1701 | D:3      | Found a snail-covered altar of Cheibriados.
  1709 | D:3      | Became a worshipper of Cheibriados the Contemplative
  1828 | D:3      | Reached skill level 1 in Stealth
  1840 | D:3      | Killed from afar by an orc wizard

Skill      XL: |  1  2  3  4  5 |
---------------+----------------+-----
Transmutations | 3 4 |  4.3
Poison Magic   | 2 |  2.1
Stealth        | 1 |  1.0
Fighting       | |  1.2
Dodging        | |  2.2
Unarmed Combat | |  3.2
Spellcasting   | |  2.8

Action                   |  1- 3 |  4- 6 || total
-------------------------+-------+-------++-------
Melee: Unarmed           |    41 |    81 ||   122
       Constrict         |    14 |    12 ||    26
       Kick              |     7 |     1 ||     8
       Tentacles         |     8 |     8 ||    16
       Punch             |       |     2 ||     2
 Cast: Beastly Appendage |    15 |     2 ||    17
       Sticks to Snakes  |     5 |       ||     5
       Spider Form       |       |     8 ||     8
 Stab: Sleeping          |     5 |     3 ||     8
  Eat: Chunk             |     1 |     3 ||     4
Armor: Skin              |     1 |     2 ||     3
Dodge: Dodged            |    30 |    74 ||   104
